 Dungeon Crawl Stone Soup version 0.29-a0-892-g2c4c91d9db (webtiles) character file.

Game seed: 7989533570778713134

22439 jlumianski the Thaumaturge (level 12, 0/80 (81) HPs)
             Began as a Demonspawn Ice Elementalist on July 23, 2022.
             Was a High Priest of Vehumet.
             Slain by an ettin
             ... wielding a +0 dire flail
              (21 damage)
             ... on level 1 of the Orcish Mines.
             The game lasted 02:13:34 (15288 turns).

jlumianski the Thaumaturge (DsIE)                  Turns: 15288, Time: 02:13:35

HP:   0/80 (81)     AC: 15    Str:  8    XL:     12   Next: 63%
MP:   0/25          EV: 13    Int: 22    God:    Vehumet [*****.]
Gold: 275           SH:  0    Dex: 20    Spells: 6/30 levels left

rFire   . . .      SeeInvis .   y - +2 rapier (protect)
rCold   . . .      Faith    +   (no shield)
rNeg    . . .      Spirit   +   M - +0 troll leather armour
rPois   +          Reflect  .   L - +1 hat
rElec   .          Harm     .   (no cloak)
rCorr   .          Rampage  .   (no gloves)
Will    .....                   I - +1 pair of boots
Stlth   ++++......              k - amulet of faith
HPRegen 1.03/turn               P - +4 ring of protection
MPRegen 0.38/turn               g - +6 ring of dexterity

@: on blink cooldown, lightly drained
A: horns 1, slimy green scales 3, magic shield, magic regeneration, magic link,
demonic magic 2
a: Renounce Religion


You were on level 1 of the Orcish Mines.
You worshipped Vehumet.
Vehumet was extremely pleased with you.
You visited 3 branches of the dungeon, and saw 15 of its levels.

You collected 870 gold pieces.
You spent 595 gold pieces at shops.

Inventory:

Hand Weapons
 y - a +2 rapier of protection (weapon)
 Y - a +2 spear of freezing
Missiles
 p - 32 poisoned darts
 v - 10 boomerangs (quivered)
 C - 4 javelins
 R - a throwing net
 W - a curare-tipped dart
Armour
 f - a +0 cloak
 I - a +1 pair of boots (worn)
 L - a +1 hat (worn)
 M - a +0 troll leather armour (worn)
Magical Staves
 T - a staff of poison
Jewellery
 d - a ring of protection from fire
 g - a +6 ring of dexterity (right hand)
 k - an amulet of faith (around neck)
 r - a ring of wizardry
 D - a ring of see invisible
 E - a ring of flight
 P - a +4 ring of protection (left hand)
Wands
 b - a wand of digging (4)
 l - a wand of flame (10)
 w - a wand of roots (9)
 H - a wand of paralysis (11)
 O - a wand of mindburst (14)
Scrolls
 a - 2 scrolls of blinking
 o - a scroll of identify
 q - a scroll of fear
 B - 2 scrolls of silence
 Q - 3 scrolls of teleportation
 U - a scroll of poison
Potions
 c - a potion of attraction
 e - 4 potions of curing
 h - a potion of magic
 m - 4 potions of brilliance
 n - a potion of resistance
 u - 2 potions of heal wounds
 x - a potion of ambrosia
 z - 4 potions of might
 A - a potion of berserk rage
 J - a potion of flight
Miscellaneous
 F - a phial of floods


   Skills:
 + Level 3.2 Fighting
 + Level 4.5 Short Blades
 + Level 1.3 Throwing
 + Level 3.6 Armour
 + Level 3.6 Dodging
 + Level 7.1 Stealth
 + Level 9.9 Spellcasting
 - Level 1.5 Conjurations
 * Level 7.6 Translocations
 + Level 0.1 Fire Magic
 + Level 9.4 Ice Magic
 + Level 0.8 Air Magic
 + Level 0.9 Poison Magic
 * Level 8.2 Evocations


You had 6 spell levels left.
You knew the following spells:

 Your Spells              Type           Power      Damage    Failure   Level
a - Freeze                Ice            100%       1d11      1%          1
b - Frozen Ramparts       Ice            100%       1d12      1%          3
c - Blink                 Tloc           88%        N/A       1%          2
d - Ozocubu's Armour      Ice            51%        N/A       1%          3
e - Gell's Gravitas       Tloc           44%        N/A       1%          3
f - Foxfire               Conj/Fire      56%        2x1d6     1%          1
g - Hailstorm             Conj/Ice       34%        3d9       2%          4
h - Mephitic Cloud        Conj/Pois/Air  15%        N/A       4%          3
i - Iskenderun's Mystic   Conj/Tloc      31%        2d8       3%          4

Your spell library contained the following spells:

 Spells                   Type           Power      Damage    Failure   Level
 Starburst                Conj/Fire      7%         6d4       90%         6
 Ensorcelled Hibernation  Hex/Ice        62%        N/A       1%          2
 Lesser Beckoning         Tloc           44%        N/A       1%          3
 Teleport Other           Tloc           44%        N/A       1%          3
 Inner Flame              Hex/Fire       11%        N/A       7%          3
 Manifold Assault         Tloc           44%        N/A       11%         5
 Spider Form              Tmut/Pois      13%        N/A       22%         3
 Iskenderun's Battlesphe  Conj           17%        2d7       32%         5
 Fireball                 Conj/Fire      7%         3d5       38%         5
 Dispersal                Tloc           22%        N/A       50%         6
 Summon Lightning Spire   Summ/Air       12%        N/A       58%         4
 Anguish                  Hex/Necr       5%         N/A       65%         4
 Cause Fear               Hex            5%         N/A       65%         4
 Conjure Ball Lightning   Conj/Air       8%         3x3d6     87%         6
 Iron Shot                Conj/Erth      7%         9d2       90%         6
 Orb of Destruction       Conj           8%         9d6       100%        7
 Spellforged Servitor     Conj/Summ      7%         N/A       100%        7
 Storm Form               Tmut/Air       6%         N/A       100%        7
 Discord                  Hex            5%         N/A       100%        8
 Maxwell's Capacitive Co  Air            7%         ∞         100%        8


Dungeon Overview and Level Annotations

Branches:
Dungeon (13/15)            Temple (0/1) D:5            Lair (1/5) D:10
    Orc (1/2) D:9
 Vaults: D:13-14

Altars:
Ashenzari
Gozag
Kikubaaqudgha
Nemelex Xobeh
Qazlal
Ru
Trog
Vehumet

Shops:
D:2 =   D:4 *   D:13 ?(

Annotations:
D:2 1 runed translucent door, Crazy Yiuf


Innate Abilities, Weirdness & Mutations

You have a pair of small horns on your head.
You are completely covered in slimy green scales. (AC +4, rPois)
When hurt, damage is shared between your health and your magic reserves.
You regenerate magic rapidly.
When low on magic, you restore magic in place of health.
Spells you cast may paralyse nearby enemies.


Message History

Casting: Freeze (safe; 1% risk of failure)
Confirm with . or Enter, or press ? or * to list all spells.
Casting: Frozen Ramparts (safe; 1% risk of failure)
Press: ? - help, Dir - look around, f - activate The walls around you are covered in ice.
Malevolent energies surge around you.
The ettin shouts in stereo!
Casting: Frozen Ramparts (safe; 1% risk of failure)
Confirm with . or Enter, or press ? or * to list all spells.
A film of ice covers your body! Malevolent energies surge around you.
The wall freezes the ettin!
Casting: Ozocubu's Armour (safe; 1% risk of failure)
Confirm with . or Enter, or press ? or * to list all spells.
Aiming: Freeze (safe; 1% risk of failure)
Press: ? - help, Shift-Dir - straight line, f - ettin
Aim: an ettin, wielding two +0 dire flails (lightly wounded)
You freeze the ettin!
The ettin is moderately wounded.
Malevolent energies surge around you.
The wall freezes the ettin.
The ettin hits you with a +0 dire flail!! x2
Casting: Freeze (safe; 1% risk of failure)
Confirm with . or Enter, or press ? or * to list all spells.
Aiming: Freeze (safe; 1% risk of failure)
Press: ? - help, Shift-Dir - straight line, f/p - ettin
Aim: an ettin, wielding two +0 dire flails (moderately wounded)
You freeze the ettin.
The ettin is moderately wounded.
Malevolent energies surge around you.
The wall freezes the ettin.
The ettin closely misses you.
The ettin hits you with a +0 dire flail!!
* * * LOW HITPOINT WARNING * * *
Casting: Freeze (safe; 1% risk of failure)
Confirm with . or Enter, or press ? or * to list all spells.
Your icy armour and frozen ramparts will break if you move.
Continue?
You blink.
Your icy armour cracks and falls away as you move.
The frozen ramparts melt away as you move.
Malevolent energies surge around you. The ettin closely misses you.
The ettin hits you with a +0 dire flail!!
You die...

.......≈≈≈≈≈≈≈#,,,,,,,*≈≈≈≈≈≈,,**
.........≈≈≈≈≈###+++###≈≈≈≈≈,,,,*
...........≈≈≈.≈≈≈≈≈≈≈.≈≈≈,,,,,,,
..............≈≈≈≈≈≈≈≈≈.,,,,,,,,*
......................#**********
..................C.### **
................(#### ******,
.................C§#### *,,,,,,
.#...######.....@.....# ******,,
.##..## *#...........## **,***,,,
......#*#.........#.## *,,,,*,,,
.....###.........#...# **,,,,,,,
.....#,#....#.#...#.## ***,,,,,
.......,,....#....*## **,,*,
.....#.*,#..###...,** **,,,
.#....#,,,..,*#....,** *,,,,
#....##*,,,,,,,,,,,,,* *,,,*


You could see an ettin.

Vanquished Creatures
  A boulder beetle (D:12)
  4 vault guards (D:12)
  7 two-headed ogres
  A deep elf pyromancer (D:10)
  4 cyclopes
  2 manticores
  A gargoyle (D:12)
  2 unseen horrors (D:10)
  A kobold demonologist (D:10)
  2 komodo dragons
  2 hornets
  2 trolls
  2 slime creatures (D:13)
  2 shadows
  A wyvern (D:8)
  2 wraiths
  21 yaks
  2 steam dragons
  5 vampire mosquitoes (D:12)
  A warg (Orc:1)
  3 acid dragons
  3 water moccasins
  A black bear (D:5)
  4 orc warriors
  9 ogres
  A centaur (D:12)
  3 phantoms
  3 kobold brigands
  A necrophage (D:5)
  6 gnoll sergeants
  8 bullfrogs
  3 scorpions (D:5)
  7 killer bees
  6 howler monkeys
  An electric eel (D:10)
  3 hounds
  2 gnoll boudas
  9 orc priests
  Jessica (D:3)
  2 iguanas
  6 orc wizards
  22 gnolls
  7 adders
  2 shadow imps
  A white imp (D:7)
  3 worms
  A dart slug (D:5)
  26 orcs
  10 endoplasms
  2 giant cockroaches (D:1)
  13 hobgoblins
  6 jackals
  4 quokkas
  4 ball pythons
  2 bats
  5 frilled lizards
  6 goblins
  15 kobolds
  3 rats (D:1)
  A bush (D:3)
  A foxfire (D:10)
281 creatures vanquished.

Vanquished Creatures (others)
  51 foxfires
  9 plants
60 creatures vanquished.

Grand Total: 341 creatures vanquished

Notes
Turn   | Place    | Note
-------+----------+-------------------------------------------
     0 | D:1      | jlumianski the Demonspawn Ice Elementalist began the quest
                  | for the Orb.
     0 | D:1      | Reached XP level 1. HP: 13/13 MP: 3/3
   340 | D:1      | Gained mutation: Spells you cast may paralyse adjacent
                  | enemies. [demonic ancestry]
   340 | D:1      | Reached XP level 2. HP: 19/19 MP: 3/5
   448 | D:2      | Found Feby's Jewellery Shoppe.
   660 | D:1      | Found a faded altar of an unknown god.
   663 | D:1      | Gained mutation: You regenerate magic rapidly. [demonic
                  | ancestry]
   663 | D:1      | Reached XP level 3. HP: 23/24 MP: 4/6
   737 | D:1      | Learned a level 3 spell: Frozen Ramparts
  1258 | D:2      | Learned a level 2 spell: Blink
  1418 | D:2      | Reached XP level 4. HP: 21/30 MP: 4/7
  1757 | D:2      | Found a runed translucent door.
  1758 | D:2      | Noticed Crazy Yiuf
  2368 | D:3      | Noticed Jessica
  2368 | D:3      | Noticed a phantom
  2371 | D:3      | Killed Jessica
  2372 | D:3      | Reached skill level 1 in Armour
  2415 | D:3      | Killed a phantom
  2416 | D:3      | Gained mutation: You have a pair of small horns on your
                  | head. [demonic ancestry]
  2416 | D:3      | Reached XP level 5. HP: 26/35 MP: 5/9
  2530 | D:3      | Found a bloodstained altar of Trog.
  2738 | D:3      | Learned a level 3 spell: Ozocubu's Armour
  2747 | D:3      | Found a radiant altar of Vehumet.
  2763 | D:3      | Became a worshipper of Vehumet
  3660 | D:4      | Reached skill level 1 in Translocations
  3687 | D:5      | Entered Level 5 of the Dungeon
  3782 | D:4      | Found Romesh's Serpentskin Sales.
  3782 | D:4      | Noticed a water moccasin
  3782 | D:4      | Noticed a water moccasin
  3785 | D:4      | Killed a water moccasin
  3786 | D:4      | Reached skill level 5 in Ice Magic
  3786 | D:4      | Gained mutation: When hurt, damage is shared between your
                  | health and your magic reserves. [demonic ancestry]
  3786 | D:4      | Reached XP level 6. HP: 41/41 MP: 6/10
  3787 | D:4      | Killed a water moccasin
  3788 | D:4      | Reached skill level 1 in Short Blades
  3880 | D:4      | Gained mutation: Spells you cast may paralyse nearby
                  | enemies. [demonic ancestry]
  3880 | D:4      | Reached XP level 7. HP: 31/47 MP: 10/12
  4507 | D:4      | Found an opulent altar of Gozag.
  4733 | D:5      | Reached skill level 1 in Fighting
  4753 | D:5      | Reached * piety under Vehumet
  4753 | D:5      | Offered knowledge of Shock by Vehumet.
  5708 | D:5      | Gained mutation: You are partially covered in slimy green
                  | scales. (AC +2) [demonic ancestry]
  5708 | D:5      | Reached XP level 8. HP: 49/54 MP: 4/14
  5872 | D:5      | Reached skill level 1 in Evocations
  6134 | D:5      | Found a staircase to the Ecumenical Temple.
  6760 | D:6      | Learned a level 3 spell: Gell's Gravitas
  6942 | D:6      | Offered knowledge of Foxfire by Vehumet.
  6945 | D:6      | Learned a level 1 spell: Foxfire
  7518 | D:7      | Found an ancient bone altar of Kikubaaqudgha.
  7548 | D:7      | Reached ** piety under Vehumet
  7774 | D:7      | Reached skill level 5 in Spellcasting
  7859 | D:7      | Noticed a cyclops
  8238 | D:7      | Found a sacrificial altar of Ru.
  8508 | D:8      | Gained mutation: You are mostly covered in slimy green
                  | scales. (AC +3) [demonic ancestry]
  8508 | D:8      | Reached XP level 9. HP: 59/59 MP: 16/16
  8624 | D:7      | Killed a cyclops
  8830 | D:8      | Found a broken altar of Ashenzari.
  9073 | D:2      | Bought a +4 ring of protection for 468 gold pieces
  9339 | D:8      | Offered knowledge of Mephitic Cloud by Vehumet.
  9883 | D:9      | Found a stormy altar of Qazlal.
  9942 | D:9      | Reached skill level 5 in Stealth
 10030 | D:9      | Reached skill level 5 in Translocations
 10048 | D:9      | Reached XP level 10. HP: 67/67 MP: 13/19
 10052 | D:9      | Reached *** piety under Vehumet
 10059 | D:9      | Paralysed by a hornet for 2 turns
 10068 | D:9      | Learned a level 4 spell: Hailstorm
 10072 | D:9      | Learned a level 3 spell: Mephitic Cloud
 10231 | D:9      | Reached skill level 5 in Evocations
 10234 | D:9      | Offered knowledge of Airstrike by Vehumet.
 10495 | D:9      | Found a sparkling altar of Nemelex Xobeh.
 10531 | D:9      | Found a staircase to the Orcish Mines.
 10904 | D:9      | Reached **** piety under Vehumet
 11006 | D:9      | Offered knowledge of Iskenderun's Mystic Blast by Vehumet.
 11014 | D:9      | Gained mutation: You are completely covered in slimy green
                  | scales. (AC +4, rPois) [demonic ancestry]
 11014 | D:9      | Reached XP level 11. HP: 74/74 MP: 4/22
 11240 | D:10     | Entered Level 10 of the Dungeon
 11267 | D:10     | Noticed a two-headed ogre
 11284 | D:9      | Learned a level 4 spell: Iskenderun's Mystic Blast
 11298 | D:10     | Killed a two-headed ogre
 11481 | D:10     | Noticed a two-headed ogre
 11490 | D:10     | Killed a two-headed ogre
 11684 | D:10     | Reached skill level 1 in Throwing
 11819 | D:11     | Noticed a deep elf pyromancer
 11839 | D:10     | Killed a deep elf pyromancer
 12057 | D:10     | Found a staircase to the Lair.
 12564 | D:10     | Reached skill level 1 in Conjurations
 12706 | D:11     | Noticed a two-headed ogre
 12727 | D:10     | Killed a two-headed ogre
 12759 | D:11     | Noticed a sun demon
 12944 | D:11     | Noticed a two-headed ogre
 12955 | D:11     | Killed a two-headed ogre
 13453 | Lair:1   | Entered Level 1 of the Lair of Beasts
 13590 | D:13     | Found Pogg's Magic Scroll Shoppe.
 13598 | D:13     | Bought a scroll of blinking for 127 gold pieces
 13769 | D:12     | Gained mutation: When low on magic, you restore magic in
                  | place of health. [demonic ancestry]
 13769 | D:12     | Reached XP level 12. HP: 66/81 MP: 18/25
 13844 | D:12     | Noticed a two-headed ogre
 13852 | D:12     | Killed a two-headed ogre
 13961 | D:12     | Noticed a two-headed ogre
 13978 | D:12     | Killed a two-headed ogre
 13978 | D:12     | Reached ***** piety under Vehumet
 13978 | D:12     | Offered knowledge of Starburst by Vehumet.
 14113 | D:12     | Noticed a boulder beetle
 14139 | D:12     | Killed a boulder beetle
 14551 | D:13     | Found Sepy's Weapon Emporium.
 14552 | D:13     | Noticed a vault guard
 14552 | D:13     | Noticed a vault guard
 14553 | D:13     | Noticed a vault guard
 14559 | D:13     | Noticed a vault guard
 14564 | D:13     | Noticed a vault guard
 14590 | D:12     | Killed a vault guard
 14656 | D:12     | Killed a vault guard
 14661 | D:12     | Killed a vault guard
 14722 | D:12     | Killed a vault guard
 14915 | D:13     | Noticed a vault guard
 15061 | Orc:1    | Entered Level 1 of the Orcish Mines
 15078 | Orc:1    | Noticed a two-headed ogre
 15096 | D:9      | Killed a two-headed ogre
 15269 | Orc:1    | Noticed an ettin
 15288 | Orc:1    | Slain by an ettin

Illustrated notes

Levels and vault maps discovered:
D:1:      elethiomel_arrival_quiet, layout_basic,
          hellmonk_ecumenical_altar_inner_sanctum, hangedman_decor_lopped
D:2:      layout_rooms, serial_shops, shop, uniq_crazy_yiuf_cottage
D:3:      layout_loops_corners, vehumet_crystals, lemuel_crystal_altar,
          overflow_temple_1_default, serial_forest, infiniplex_forest_split,
          infiniplex_forest_diagonal, infiniplex_forest_lined_corner,
          infiniplex_forest_lined_2, infiniplex_forest_lined_3_way, uniq_jessica
D:4:      kennysheep_spiral_hall, layout_basic, nicolae_gozag_seed_capital,
          guppyfry_shop_venom
D:5:      layout_layer_cave, minmay_temple_entry_enclosed_plants
D:6:      layout_gridville, nicolae_benzene_ring
D:7:      layout_cave_pools, mainiacjoe_overflow_surrounded_room,
          mainiacjoe_overflow_alcove_2, nicolae_ru_the_path_less_chosen
D:8:      layout_basic, amcnicky_altar_gilded, serial_bayou_pond_b,
          nrook_campfire
D:9:      layout_rooms, nicolae_overflow_crystal_walls,
          nemelex_spade_bored_becter, kennysheep_orc_monster_closet_entryway,
          dk_vineyard_2, minmay_misc_feat_columns, kennysheep_pointless_box
D:10:     cheibrodos_helix_gallery, layout_long_grid, david_lair_shrubbed
D:11:     layout_long_grid
D:12:     layout_loops_ring
D:13:     layout_cave_pools, erik_vaults_2, serial_shops, shop,
          nicolae_shop_bloodbath_and_beyond, shop
Lair:1:   layout_layer_cave
Orc:1:    giant_chief_lemuel, layout_diamond_mine, enter_volcano_2

Skill      XL: |  1  2  3  4  5  6  7  8  9 10 11 12 |
---------------+-------------------------------------+-----
Ice Magic      | 4 5 6 7 8 9 |  9.4
Stealth        | 2 3 4 5 6 7 |  7.1
Armour         | 1 2 3 |  3.6
Dodging        | 2 3 |  3.6
Translocations | 1 2 3 5 6 7 |  7.6
Spellcasting   | 3 4 5 6 7 9 |  9.9
Short Blades   | 1 2 3 4 |  4.5
Fighting       | 1 2 3 |  3.2
Evocations     | 3 4 5 7 8 |  8.2
Throwing       | 1 |  1.3
Conjurations   | 1 |  1.5
Fire Magic     | |  0.1
Air Magic      | |  0.8
Poison Magic   | |  0.9

Action                   |  1- 3 |  4- 6 |  7- 9 | 10-12 || total
-------------------------+-------+-------+-------+-------++-------
Melee: Unarmed           |     1 |       |       |       ||     1
       Dagger            |    21 |   279 |    42 |       ||   342
       Punch             |     1 |     6 |     3 |     3 ||    13
       Headbutt          |       |    96 |    21 |    47 ||   164
       Rapier            |       |       |    74 |   197 ||   271
Throw: Dart              |       |       |     3 |       ||     3
       Boomerang         |       |       |     1 |     8 ||     9
 Cast: Freeze            |    26 |    13 |    37 |    64 ||   140
       Frozen Ramparts   |    10 |    18 |    53 |    63 ||   144
       Ozocubu's Armour  |       |     1 |    12 |    38 ||    51
       Blink             |       |     1 |       |     5 ||     6
       Foxfire           |       |       |    10 |    18 ||    28
       Gell's Gravitas   |       |       |     1 |     1 ||     2
       Hailstorm         |       |       |       |    10 ||    10
       Mephitic Cloud    |       |       |       |    12 ||    12
       Iskenderun's Myst |       |       |       |     9 ||     9
Evoke: Wand              |       |       |       |     2 ||     2
  Use: Scroll            |     2 |     9 |     7 |     7 ||    25
       Potion            |     1 |     4 |     2 |     1 ||     8
 Stab: Paralysed         |    10 |    12 |    31 |    38 ||    91
       Sleeping          |     3 |     3 |     5 |     3 ||    14
       Confused          |       |       |       |     3 ||     3
Armor: Robe              |     1 |       |       |       ||     1
       Leather armour    |     6 |     8 |    52 |    22 ||    88
       Skin              |       |       |       |    14 ||    14
       Troll leather arm |       |       |       |   113 ||   113
Dodge: Dodged            |    29 |    28 |    77 |   173 ||   307

Table legend: (Time is in decaauts)
 A = Elapsed time spent in this place.
 B = Non-inter-level travel time spent in this place.
 C = Inter-level travel time spent in this place.
 D = Time resting spent in this place.
 E = Time spent auto-exploring this place.
 F = Levels seen in this place.
 G = Mean time per level.
                   A        B        C        D        E       F      G
               +--------+--------+--------+--------+--------+-----+--------+
         Total |  15316 |  14342 |    974 |   1685 |   7735 |  15 | 1021.1 |
       Dungeon |  15188 |  14216 |    972 |   1685 |   7735 |  13 | 1168.3 |
          Lair |      4 |      2 |      2 |      0 |      0 |   1 |    4.0 |
  Orcish Mines |    123 |    123 |      0 |      0 |      0 |   1 |  123.0 |
               +--------+--------+--------+--------+--------+-----+--------+

Top non-repeatable levels by time:
     D:5: 1907 daAuts
    D:10: 1639 daAuts
     D:8: 1457 daAuts
     D:3: 1397 daAuts
     D:2: 1224 daAuts
     D:7: 1189 daAuts
    D:12: 1117 daAuts
     D:1: 1115 daAuts
     D:9: 1094 daAuts
     D:4: 1081 daAuts
     D:6: 938 daAuts
    D:11: 891 daAuts
    D:13: 135 daAuts
   Orc:1: 123 daAuts
  Lair:1: 4 daAuts
